 Dungeon Crawl Stone Soup version 0.24.0-37-gcf1ca852f1 (webtiles) character file.

Game seed: 15043808818617507040, levelgen mode: deterministic

98162 sankara the Tortoise (level 15, 128/128 HPs)
             Began as a Minotaur Fighter on Nov 25, 2019.
             Was the Champion of Okawaru.
             Got out of the dungeon alive.
             The game lasted 02:15:54 (24339 turns).

sankara the Tortoise (Minotaur Fighter)            Turns: 24339, Time: 02:15:55

Health: 128/128    AC: 34    Str: 25    XL:     15   Next: 74%
Magic:  20/20      EV: 11    Int:  5    God:    Okawaru [******]
Gold:   2470       SH: 18    Dex: 16    Spells: 14/14 levels left

rFire    + . .     SeeInvis .   b - +4 hand crossbow (venom)
rCold    . . .     Gourm    .   Q - +0 shield
rNeg     . . .     Faith    .   I - +1 crystal plate armour
rPois    .         Spirit   +   q - +0 hat
rElec    +         Reflect  +   X - scarf {Spirit}
rCorr    .         Harm     .   J - +2 pair of gloves
MR       +....                  e - +2 pair of boots
Stlth    ..........             h - amulet "Qeatz" {Reflect +Fly rElec Dex+4 SH+3}
HPRegen  0.31/turn              P - +2 ring of evasion
MPRegen  0.17/turn              o - ring of protection from fire

@: no status effects
A: retaliatory headbutt, horns 2
a: Heroism, Finesse, Renounce Religion, Evoke Flight


You escaped.
You worshipped Okawaru.
Okawaru was exalted by your worship.
You were not hungry.

You visited 4 branches of the dungeon, and saw 23 of its levels.
You visited 1 bazaar.
You also visited: Sewer and Gauntlet.

You collected 2900 gold pieces.
You spent 430 gold pieces at shops.

Inventory:

Hand Weapons
 a - the +9 flail of Sloth {speed, rN+ MR+ Dex+2 Stlth-}
   (You found it on level 8 of the Dungeon)

   Attacks with this weapon are significantly faster.
   It affects your dexterity (+2).
   It protects you from negative energy.
   It affects your resistance to hostile enchantments.
   It makes you less stealthy.
 b - a +4 hand crossbow of venom (weapon)
 n - the +10 great mace of Sin {vamp, -Tele rF++ Dex+4 Stlth+, unknown}
   (Okawaru gifted it to you on level 2 of the Orcish Mines)

   It inflicts no extra harm, but heals its wielder when it wounds a living foe.
   It affects your dexterity (+4).
   It greatly protects you from fire.
   It prevents most forms of teleportation.
   It makes you more stealthy.
Missiles
 g - 5 throwing nets
 K - 202 bolts (quivered)
 M - 12 javelins
 W - 6 boomerangs of dispersal
Armour
 e - a +2 pair of boots (worn)
 q - a +0 hat (worn)
 I - a +1 crystal plate armour (worn)
 J - a +2 pair of gloves (worn)
 Q - a +0 shield (worn)
 X - a scarf of spirit shield (worn)
Jewellery
 h - the amulet "Qeatz" (around neck) {Reflect +Fly rElec Dex+4 SH+3}
   (You found it in a Gauntlet)

   [amulet of reflection]

   It shields you and reflects attacks.
   It affects your dexterity (+4).
   It insulates you from electricity.
   It lets you fly.
   It affects your SH (+3).
 o - a ring of protection from fire (right hand)
 P - a +2 ring of evasion (left hand)
Wands
 x - a wand of acid (8)
 E - a wand of enslavement (17)
 F - a wand of iceblast (18)
 N - a wand of paralysis (10)
 R - a wand of digging (7)
 S - a wand of disintegration (47)
 U - a wand of scattershot (7)
Scrolls
 t - a scroll of summoning
 y - 4 scrolls of blinking
 A - 5 scrolls of fear
 C - 3 scrolls of fog
 D - 3 scrolls of magic mapping
 G - 8 scrolls of remove curse
 T - 6 scrolls of teleportation
 V - 2 scrolls of silence
Potions
 d - 5 potions of might
 i - a potion of brilliance
 j - 2 potions of flight
 k - 8 potions of curing
 l - 2 potions of invisibility
 m - 2 potions of haste
 p - a potion of mutation
 r - 4 potions of heal wounds
 v - 5 potions of cancellation
 B - 4 potions of agility
 L - a potion of resistance
 Z - 2 potions of magic
Miscellaneous
 Y - 2 boxes of beasts
Comestibles
 f - 47 rations


   Skills:
 + Level 10.6 Fighting
   Level 2.4(9.6) Axes
 - Level 13.9(14.0) Maces & Flails
 - Level 10.0 Crossbows
 - Level 3.0 Throwing
 + Level 18.3 Armour
 + Level 6.0 Dodging
 - Level 15.0 Shields
 + Level 8.6 Invocations


You had 14 spell levels left.
You didn't know any spells.
Your spell library contained the following spells:

 Spells                   Type           Power        Failure   Level  Hunger
 Freeze                   Ice            #...         100%        1    ##.....
 Magic Dart               Conj           #...         100%        1    ##.....
 Blink                    Tloc           N/A          100%        2    ###....
 Call Imp                 Summ           #.......     100%        2    ###....
 Slow                     Hex            #.......     100%        2    ###....
 Throw Frost              Conj/Ice       #.....       100%        2    ###....
 Conjure Flame            Conj/Fire      #.......     100%        3    ####...
 Mephitic Cloud           Conj/Pois/Air  #.......     100%        3    ####...
 Ozocubu's Armour         Chrm/Ice       #.......     100%        3    ####...
 Static Discharge         Conj/Air       #.......     100%        3    ####...
 Summon Ice Beast         Ice/Summ       #.......     100%        4    #####..
 Throw Icicle             Conj/Ice       #.......     100%        4    #####..
 Bolt of Magma            Conj/Fire/Erth #.........   100%        5    ######.
 Iskenderun's Battlesphe  Conj/Chrm      #.......     100%        5    ######.
 Lightning Bolt           Conj/Air       #.........   100%        5    ######.
 Venom Bolt               Conj/Pois      #.........   100%        5    ######.
 Iron Shot                Conj/Erth      #.........   100%        6    #######
 Orb of Destruction       Conj           #.........   100%        7    #######
 Spellforged Servitor     Conj/Summ      #.........   100%        7    #######
 Ignition                 Fire           #.........   100%        8    #######
 Shatter                  Erth           #.........   100%        9    #######
 Tornado                  Air            #.........   100%        9    #######


Dungeon Overview and Level Annotations

Branches:
Dungeon (14/15)            Temple (1/1) D:4            Lair (6/6) D:10
  Swamp (0/4) Lair:4        Snake (0/4) Lair:4        Slime (0/5) Lair:6
    Orc (2/2) D:10            Elf (0/3) Orc:2        Vaults (0/5) D:14
  Sewer (visited)         Gauntlet (visited)

Altars:
Ashenzari
Cheibriados
Dithmenos
Elyvilon
Fedhas
Gozag
Hepliaklqana
Kikubaaqudgha
Makhleb
Nemelex Xobeh
Okawaru
Qazlal
Ru
Sif Muna
Trog
Uskayaw
Vehumet
Wu Jian
Xom
Yredelemnul
Zin
The Shining One
Beogh

Shops:
D:7 %(}   D:14 *?   Orc:2 [(:*

Portals:
Trove: D:14 (give +6 ice dragon scales)


Innate Abilities, Weirdness & Mutations

You reflexively headbutt those who attack you in melee.
You have a pair of horns on your head.


Message History

There is an escape hatch in the ceiling here.
A mysterious force pulls you upwards. The hatch slams shut behind you.
There is a stone staircase leading up here.
You climb upwards.
There is a stone staircase leading down here.
There is an escape hatch in the ceiling here.
A mysterious force pulls you upwards. The hatch slams shut behind you.
There is a large open door here.
There is a stone staircase leading up here.
You climb upwards.
There is a stone staircase leading down here.
There is an open door here.
You open the door.
There is an open door here.
There is an escape hatch in the floor here.
There is a staircase leading out of the dungeon here.
Are you sure you want to leave the Dungeon?
This will make you lose the game!
Alright, then stay!
Are you sure you want to leave the Dungeon?
This will make you lose the game!
You have escaped!

#...........
#####.......
#.......
###############.##
#.............>.#
#..#..#..#..#...#
#...............#
#..............(#
#@............>.#
#...............#
#...............#
#..#..#..#..#..##
#.............>#
################


There were no monsters in sight!

Vanquished Creatures
  Jorgrun (Orc:2)
  Rupert (D:13)
  Frances (D:14)
  A balrug (Gauntlet)
  The ghost of Rexfelis the Severer, a journeyman MiBe of Trog (Lair:6)
  An orc warlord (Orc:2)
  The ghost of Suiwen the Champion of Chaos, a journeyman DDFi of Makhleb (Orc:1)
  The ghost of kaycho the Impaler, a journeyman MfFi of Hepliaklqana (Lair:5)
  A minotaur (Gauntlet)
  An ettin (Orc:2)
  Snorg (D:11)
  An ice dragon (Lair:6)
  6 hydras
  Harold (D:11)
  A centaur warrior (D:14)
  A catoblepas (Lair:6)
  Erica (D:8)
  5 two-headed ogres
  A tengu warrior (D:14)
  11 death yaks
  An orc high priest (Orc:2)
  Urug (D:13)
  Nergalle (Lair:2)
  A fire crab (Gauntlet)
  2 unseen horrors
  A lindwurm (Lair:5)
  7 orc sorcerers (Orc:2)
  3 orc knights (Orc:2)
  2 cyclopes
  13 ugly things
  3 elephants (Lair:5)
  2 torpor snails
  3 black mambas
  An eye of devastation (Gauntlet)
  A gargoyle (D:14)
  13 spiny frogs
  Psyche (D:9)
  A kobold demonologist (D:13)
  2 komodo dragons
  13 rime drakes
  2 minotaur zombies (Gauntlet)
  7 trolls
  2 queen bees
  3 meliai (Lair:5)
  4 hornets
  5 polar bears (Lair:6)
  8 blink frogs
  12 hippogriffs
  18 dream sheep
  A vampire (D:13)
  10 spriggans (Lair:6)
  3 water elementals (D:14)
  2 fire bats (Gauntlet)
  14 wyverns
  24 yaks
  6 basilisks
  2 golden eyes (Gauntlet)
  4 hungry ghosts
  A death yak simulacrum (Lair:6)
  Menkaure (D:7)
  2 wargs
  2 acid dragons
  A hell hound (Gauntlet)
  4 water moccasins
  A hydra simulacrum (Lair:6)
  A hornet zombie (D:14)
  37 orc warriors
  7 porcupines
  4 ice beasts
  5 sky beasts
  2 black bears (Lair:6)
  A black mamba simulacrum (Lair:6)
  6 phantoms
  8 ogres
  13 crocodiles
  8 centaurs
  26 wolves
  4 boggarts (Lair:6)
  Blork the orc (Orc:2)
  2 big kobolds
  15 bullfrogs
  2 wyvern zombies
  2 scorpions
  A wyvern skeleton (D:14)
  A water moccasin skeleton (D:9)
  55 killer bees
  2 vampire bats (Lair:5)
  6 electric eels
  3 wights (D:11)
  9 howler monkeys
  2 komodo dragon simulacra (Lair:6)
  2 centaur zombies
  5 crimson imps
  3 bullfrog zombies
  A bullfrog skeleton (D:13)
  3 jellies
  23 orc priests
  6 centaur skeletons
  A gnoll shaman (D:4)
  28 orc wizards
  Natasha (thrice) (D:2)
  5 iguanas
  8 worker ants
  A hound zombie (D:11)
  A hound skeleton (D:7)
  A howler monkey zombie (D:8)
  3 howler monkey skeletons
  A worker ant zombie (D:7)
  Robin (D:2)
  5 gnolls (D:4)
  2 river rats
  10 adders
  3 shadow imps
  4 oozes
  An adder zombie (D:10)
  5 worms
  4 dart slugs
  5 leopard geckos
  98 orcs
  3 ball pythons (D:4)
  4 giant cockroaches
  16 goblins
  14 hobgoblins
  12 jackals
  17 kobolds
  5 quokkas
  13 bats
  10 frilled lizards
  A quokka skeleton (D:10)
  9 rats
  2 fungi
812 creatures vanquished.

Vanquished Creatures (others)
  An ironheart preserver (D:14)
  An orc priest (Orc:2)
  A worker ant (D:14)
  An orc (D:13)
  11 fungi
  18 plants
33 creatures vanquished.

Grand Total: 845 creatures vanquished

Notes
Turn   | Place    | Note
-------+----------+-------------------------------------------
     0 | D:1      | sankara the Minotaur Fighter began the quest for the Orb.
     0 | D:1      | Reached XP level 1. HP: 19/19 MP: 0/0
    92 | D:1      | Reached skill level 1 in Maces & Flails
    92 | D:1      | Reached XP level 2. HP: 22/26 MP: 1/1
   584 | D:1      | Reached XP level 3. HP: 31/31 MP: 2/2
   872 | D:2      | Found an iron altar of Okawaru.
   877 | D:2      | Became a worshipper of Warmaster Okawaru
  1288 | D:2      | Found a blossoming altar of Fedhas.
  1293 | D:2      | Reached XP level 4. HP: 39/39 MP: 3/3
  1398 | D:2      | Noticed Natasha
  1402 | D:2      | Found a basalt altar of Yredelemnul.
  1411 | D:2      | Killed Natasha
  1415 | D:2      | Noticed Natasha
  1424 | D:2      | Killed Natasha
  1424 | D:2      | Reached skill level 5 in Shields
  1424 | D:2      | Reached XP level 5. HP: 25/45 MP: 4/4
  1652 | D:2      | Found a sacrificial altar of Ru.
  1680 | D:2      | Noticed Natasha
  1687 | D:2      | Killed Natasha
  1687 | D:2      | Reached skill level 5 in Maces & Flails
  2076 | D:2      | Noticed Robin
  2090 | D:2      | Killed Robin
  2602 | D:3      | Reached XP level 6. HP: 51/51 MP: 5/5
  2624 | D:3      | Reached * piety under Okawaru
  2661 | D:3      | Found an opulent altar of Gozag.
  2957 | D:3      | Found an ornate altar of the Wu Jian Council.
  3080 | D:3      | Found a radiant altar of Vehumet.
  3299 | D:4      | Found a staircase to the Ecumenical Temple.
  3454 | D:4      | Found a shadowy altar of Dithmenos.
  3455 | D:4      | Found a white marble altar of Elyvilon.
  3462 | D:4      | Reached skill level 1 in Invocations
  3462 | D:4      | Reached XP level 7. HP: 37/59 MP: 6/6
  3501 | D:4      | Found a stormy altar of Qazlal.
  3625 | D:4      | Found a glowing drain.
  3678 | Sewer    | Entered a sewer
  3970 | Sewer    | Found a white marble altar of Elyvilon.
  4277 | D:5      | Entered Level 5 of the Dungeon
  4317 | D:5      | Reached ** piety under Okawaru
  4399 | D:5      | Found an ancient bone altar of Kikubaaqudgha.
  4535 | D:5      | Reached skill level 5 in Fighting
  4582 | D:5      | Reached XP level 8. HP: 45/68 MP: 8/8
  4618 | Temple   | Entered the Ecumenical Temple
  4791 | D:5      | Found a hide-covered altar of Uskayaw.
  5029 | D:6      | Found a blossoming altar of Fedhas.
  5472 | D:6      | Reached *** piety under Okawaru
  5760 | D:7      | Found Fenopom's Gadget Emporium.
  5760 | D:7      | Noticed Menkaure
  5768 | D:7      | Reached skill level 1 in Throwing
  5771 | D:7      | Killed Menkaure
  5771 | D:7      | Reached XP level 9. HP: 41/74 MP: 11/11
  5776 | D:7      | Reached skill level 10 in Maces & Flails
  5792 | D:7      | Paralysed by a hornet for 3 turns
  6259 | D:7      | Reached **** piety under Okawaru
  6276 | D:7      | Found Zoruarav's Food Shop.
  6498 | D:7      | Found Voexix's Weapon Shop.
  6504 | D:7      | Bought a +4 hand crossbow for 306 gold pieces
  7000 | D:8      | Reached skill level 5 in Invocations
  7043 | D:8      | Reached skill level 1 in Crossbows
  7284 | D:8      | Got a brightly glowing flail
  7285 | D:8      | Identified the +9 flail of Sloth {speed, rN+ MR+ Dex+2
                  | Stlth-} (You found it on level 8 of the Dungeon)
  7523 | D:8      | Noticed Erica
  7536 | D:8      | Killed Erica
  7536 | D:8      | Reached ***** piety under Okawaru
  7536 | D:8      | Reached XP level 10. HP: 60/81 MP: 13/13
  7855 | D:9      | Found a hazy altar of Hepliaklqana.
  7867 | D:9      | Noticed a two-headed ogre
  7880 | D:9      | Killed a two-headed ogre
  8377 | D:9      | Found a glowing golden altar of the Shining One.
  8442 | D:9      | Noticed Psyche
  8447 | D:9      | Killed Psyche
  8780 | D:10     | Entered Level 10 of the Dungeon
  8782 | D:10     | Found a staircase to the Orcish Mines.
  8801 | D:10     | Reached skill level 10 in Shields
  8804 | D:10     | Received a gift from Okawaru
  9129 | D:10     | Reached skill level 5 in Crossbows
  9150 | D:10     | Reached XP level 11. HP: 36/86 MP: 10/15
  9606 | D:10     | Noticed a two-headed ogre
  9613 | D:10     | Killed a two-headed ogre
  9661 | D:10     | Found a staircase to the Lair.
  9805 | D:10     | Killed an unseen horror
  9805 | D:10     | Reached ****** piety under Okawaru
  9805 | D:10     | Received a gift from Okawaru
  9834 | D:10     | Reached skill level 4 in Armour
 10025 | Lair:1   | Entered Level 1 of the Lair of Beasts
 10247 | Lair:1   | Reached skill level 1 in Dodging
 10559 | Lair:1   | Received a gift from Okawaru
 10811 | Lair:1   | Reached skill level 5 in Armour
 11028 | Lair:2   | Received a gift from Okawaru
 11640 | Lair:2   | Noticed Nergalle
 11663 | Lair:2   | Killed Nergalle
 11663 | Lair:2   | Received a gift from Okawaru
 11928 | Lair:3   | Noticed an eight-headed hydra
 11939 | Lair:3   | Killed an eight-headed hydra
 12004 | Lair:3   | Reached XP level 12. HP: 83/97 MP: 16/16
 12169 | Lair:3   | Reached skill level 6 in Armour
 12448 | Lair:3   | Noticed a death yak
 12452 | Lair:3   | Noticed a death yak
 12463 | Lair:3   | Killed a death yak
 12473 | Lair:3   | Killed a death yak
 12979 | Lair:4   | Received a gift from Okawaru
 12981 | Lair:4   | Reached skill level 5 in Dodging
 13070 | Lair:4   | Reached skill level 7 in Armour
 13147 | Lair:4   | Noticed a four-headed hydra
 13158 | Lair:4   | Killed a four-headed hydra
 13176 | Lair:4   | Received a gift from Okawaru
 13430 | Lair:4   | Found a staircase to the Swamp.
 13441 | Lair:4   | Reached skill level 8 in Armour
 13844 | Lair:4   | Found a staircase to the Snake Pit.
 14609 | Lair:5   | Identified a scroll of acquirement
 14687 | Lair:5   | Found a runed translucent gate.
 14687 | Lair:5   | Found a runed translucent gate.
 14687 | Lair:5   | Found a runed translucent gate.
 14688 | Lair:5   | Noticed kaycho's ghost (journeyman MfFi)
 14862 | Lair:5   | Reached XP level 13. HP: 103/110 MP: 17/17
 14949 | Lair:5   | Reached skill level 9 in Armour
 15135 | Lair:5   | Reached skill level 10 in Crossbows
 15405 | Lair:5   | Got a scorched scale mail
 15416 | Lair:5   | Identified the cursed +1 scale mail of the Equator {rC-
                  | MP+9 Str+3 Stlth+} (You found it on level 5 of the Lair of
                  | Beasts)
 15923 | Lair:5   | Killed kaycho's ghost
 15970 | Lair:6   | Entered Level 6 of the Lair of Beasts
 15994 | Lair:5   | Received a gift from Okawaru
 15994 | Lair:5   | Reached skill level 10 in Armour
 16118 | Lair:5   | Received a gift from Okawaru
 16361 | Lair:5   | Received a gift from Okawaru
 16585 | Lair:6   | Reached skill level 11 in Armour
 16764 | Lair:6   | Received a gift from Okawaru
 16900 | Lair:6   | Found a runed translucent gate.
 16901 | Lair:6   | Found a runed translucent gate.
 16902 | Lair:6   | Found a runed translucent gate.
 16990 | Lair:6   | Received a gift from Okawaru
 17173 | Lair:6   | Reached skill level 12 in Armour
 17173 | Lair:6   | Reached skill level 15 in Shields
 17173 | Lair:6   | Reached XP level 14. HP: 113/116 MP: 18/18
 17217 | Lair:6   | Noticed Rexfelis's ghost (journeyman MiBe)
 17561 | Lair:6   | Reached skill level 13 in Armour
 17570 | Lair:6   | Received a gift from Okawaru
 17762 | Lair:6   | Found a staircase to the Slime Pits.
 18853 | D:11     | Noticed Harold
 18866 | D:11     | Killed Harold
 18866 | D:11     | Received a gift from Okawaru
 18866 | D:11     | Reached skill level 14 in Armour
 19053 | D:11     | Noticed Snorg
 19070 | D:11     | Killed Snorg
 19138 | D:11     | Received a gift from Okawaru
 19862 | D:12     | Reached skill level 15 in Armour
 19969 | D:12     | Received a gift from Okawaru
 20229 | D:13     | Noticed Rupert
 20237 | D:13     | Noticed Urug
 20246 | D:13     | Killed Rupert
 20246 | D:13     | Received a gift from Okawaru
 20264 | D:13     | Killed Urug
 20274 | D:13     | Found a flickering gateway to a bazaar.
 20295 | Bazaar   | Entered a bazaar
 20301 | Bazaar   | Found Rureow's Gadget Boutique.
 20319 | Bazaar   | Found Nenweirghiy's Armour Emporium.
 20336 | Bazaar   | Found Gommacly's Antique Weapon Boutique.
 20353 | Bazaar   | Found Piod's Antique Weapon Shoppe.
 20465 | D:13     | Found a gate leading to a gauntlet.
 20482 | Gauntlet | Entered a Gauntlet
 20482 | Gauntlet | Found a transporter.
 20489 | Gauntlet | Found a transporter.
 20491 | Gauntlet | Found a transporter.
 20507 | Gauntlet | Found a transporter.
 20510 | Gauntlet | Found a transporter.
 20520 | Gauntlet | Found a transporter.
 20534 | Gauntlet | Found a transporter.
 20547 | Gauntlet | Found a transporter.
 20567 | Gauntlet | Found a transporter.
 20570 | Gauntlet | Noticed a balrug
 20572 | Gauntlet | Found a transporter.
 20582 | Gauntlet | Found a transporter.
 20614 | Gauntlet | Found a transporter.
 20630 | Gauntlet | Found a transporter.
 20632 | Gauntlet | Found a transporter.
 20825 | Gauntlet | Got a bound bone amulet
 20837 | Gauntlet | Killed a balrug
 20837 | Gauntlet | Reached skill level 16 in Armour
 20846 | Gauntlet | Identified the amulet "Qeatz" {Reflect +Fly rElec Dex+4
                  | SH+3} (You found it in a Gauntlet)
 20857 | Gauntlet | Identified the +3 rapier of Zin's Castigation {antimagic,
                  | rElec Int+4}
 20961 | D:13     | Found a roughly hewn altar of Beogh.
 21457 | D:14     | Found Xaporen's Magic Scroll Shop.
 21460 | D:14     | Found Zilan Ucint's Assorted Antiques.
 21468 | D:14     | Bought a scroll labeled ROWNOM DENE for 28 gold pieces
 21523 | D:14     | Noticed Frances
 21534 | D:14     | Killed Frances
 21588 | D:14     | Reached skill level 17 in Armour
 21595 | D:14     | Reached XP level 15. HP: 100/123 MP: 15/19
 21628 | D:14     | Received a gift from Okawaru
 21629 | D:14     | Got a bloodstained chain mail {god gift}
 21630 | D:14     | Identified the +1 chain mail of Pan-Flutes {rC+ Int+5
                  | Stlth-} (Okawaru gifted it to you on level 14 of the
                  | Dungeon)
 21918 | D:14     | Found a gate to the Vaults.
 21962 | D:14     | Found a portal to a secret trove of treasure.
 22248 | Lair:6   | Killed Rexfelis's ghost
 22280 | Lair:6   | Got the ring of Yesterday {Fire}
 22442 | Lair:1   | Identified the ring of Yesterday {Fire Int+10 Dex-5 Slay-6
                  | Stlth+} (You found it on level 6 of the Lair of Beasts)
 22468 | Orc:1    | Entered Level 1 of the Orcish Mines
 22845 | Orc:1    | Found a roughly hewn altar of Beogh.
 23037 | Orc:1    | Found a runed translucent door.
 23037 | Orc:1    | Noticed Suiwen's ghost (journeyman DDFi)
 23064 | Orc:1    | Killed Suiwen's ghost
 23064 | Orc:1    | Reached skill level 18 in Armour
 23154 | Orc:2    | Entered Level 2 of the Orcish Mines
 23165 | Orc:2    | Noticed Jorgrun
 23179 | Orc:2    | Killed Jorgrun
 23179 | Orc:2    | Reached skill level 10 in Fighting
 23310 | Orc:2    | Noticed an orc warlord
 23337 | Orc:2    | Killed an orc warlord
 23420 | Orc:2    | Received a gift from Okawaru
 23450 | Orc:2    | Got a jewelled great mace {god gift}
 23453 | Orc:2    | Noticed Blork the orc
 23462 | Orc:2    | Killed Blork the orc
 23506 | Orc:2    | Found a roughly hewn altar of Beogh.
 23537 | Orc:2    | Found Ytoxkit's General Store.
 23539 | Orc:2    | Found Zeercheb's Book Emporium.
 23565 | Orc:2    | Found Xarch's Antique Weapon Emporium.
 23615 | Orc:2    | Bought a potion of mutation for 96 gold pieces
 23800 | Orc:2    | Found a staircase to the Elven Halls.
 24075 | Orc:2    | Found Puuqot's Antique Armour Emporium.
 24339 | D:$      | Got out of the dungeon alive.

Levels and vault maps discovered:
D:1:      lemuel_arrival_broad_hall, layout_basic
D:2:      layout_basic, lemuel_round_altar, nicolae_overflow_crystal_walls,
          overflow_temple_1_default, lemuel_doored_altar, serial_park_tiny_2,
          kennysheep_generic_room_3, uniq_natasha, uniq_robin
D:3:      layout_loops_corners, nicolae_overflow_hidden_temple,
          marbit_many_paths, nicolae_gozag_cash_rules_everything_around_me
D:4:      layout_basic, grunt_qazlal_clouds, grunt_temple_overflow_open,
          temple_statues, portal_sewer_entry_c, minmay_unequal
D:5:      layout_basic, kiku_gazebo_pond_becter, kennysheep_little_box,
          first_ration
D:6:      layout_cave_pools, fedhas_ov_isle_minmay
D:7:      layout_basic, serial_shops, shop, shop, shop, uniq_menkaure
D:8:      layout_rooms, uniq_erica
D:9:      layout_loops_ring, kennysheep_mini_moat, old_standard_altar,
          kennysheep_generic_room_11, uniq_psyche
D:10:     layout_cave_pools, grunt_lair_entry_orc_guard_hut, david_orc_3
D:11:     layout_small_grid, uniq_harold, uniq_snorg
D:12:     layout_roguey, david_nohive_1, minmay_misc_feat_hallway
D:13:     layout_rooms, special_room [special_room_orc], gauntlet_entry_generic,
          serial_shops, bzr_entry_gold, moated_statue,
          hangedman_abyss_or_decor_clamps, minmay_misc_feat_columns,
          uniq_rupert, uniq_urug
D:14:     layout_roguey, skrybe_vaults_entry_preservation, serial_bayou,
          serial_bayou_pond_e, serial_bayou_crossing, serial_bayou_lagoon_b,
          serial_bayou_lake_a, serial_bayou_shore_b, serial_shops, shop, shop,
          minmay_misc_feat_rugged, enter_trove_2, uniq_frances
Temple:   nicolae_temple_figure_zero
Lair:1:   layout_hall_layers, minmay_shattered_shrine
Lair:2:   layout_big_grid, uniq_nergalle
Lair:3:   layout_hall_layers, lemuel_fruit_tree
Lair:4:   layout_concentric_octagons, minmay_swamp_entry_eels,
          dummy_snake_entry, special_room [special_room_mythical_zoo],
          grunt_megastairs_2, serial_bayou_shore_a
Lair:5:   regret_index_wax_grids, layout_gridlike, ebering_ghost_rock_garden,
          roderic_batcave
Lair:6:   minmay_lair_end_enchanted_forest, layout_regular_city, slime_dummy,
          gammafunk_ghost_icy, serial_forest, infiniplex_forest_straight_4,
          infiniplex_forest_side_room, infiniplex_forest_straight_3,
          infiniplex_forest_lined_room_2, infiniplex_forest_corner_2,
          infiniplex_forest_lined_room_2
Orc:1:    layout_diamond_mine, ebering_ghost_inner_flame, basic_altar
Orc:2:    grunt_orc_cross, layout_diamond_mine, uniq_jorgrun

Skill      XL: |  1  2  3  4  5  6  7  8  9 10 11 12 13 14 15 |
---------------+----------------------------------------------+-----
Maces & Flails | 1 2 3 4 5 6 8 9 11 13 | 13.9
Shields        | 4 5 6 7 9 10 11 12 15 | 15.0
Fighting       | 4 5 6 8 10 | 10.6
Invocations    | 1 2 4 5 7 8 |  8.6
Throwing       | 1 3 |  3.0
Crossbows      | 2 5 7 9 10 | 10.0
Armour         | 5 8 12 17 18 | 18.3
Dodging        | 3 5 6 |  6.0
Axes           | |  2.4

Action                   |  1- 3 |  4- 6 |  7- 9 | 10-12 | 13-15 || total
-------------------------+-------+-------+-------+-------+-------++-------
Melee: Whip              |    98 |   201 |   332 |     2 |       ||   633
       Headbutt          |     6 |    25 |    52 |   100 |   287 ||   470
       War axe           |     2 |       |       |       |       ||     2
       Flail             |       |       |    18 |   536 |  1179 ||  1733
 Fire: Hand crossbow     |       |       |       |   128 |   531 ||   659
Throw: Javelin           |       |       |       |       |     5 ||     5
Invok: Heroism           |       |       |     3 |     6 |    15 ||    24
       Finesse           |       |       |       |     2 |     7 ||     9
  Use: Scroll            |     2 |     3 |     3 |    12 |    23 ||    43
       Potion            |       |     2 |     4 |       |     3 ||     9
  Eat: Chunk             |     1 |     7 |    10 |    21 |    27 ||    66
       Ration            |       |       |     1 |     1 |     1 ||     3
Armor: Scale mail        |    35 |    66 |    80 |    38 |       ||   219
       Plate armour      |       |       |       |    70 |       ||    70
       Crystal plate arm |       |       |       |    27 |   424 ||   451
       Ring mail         |       |       |       |     4 |       ||     4
Dodge: Dodged            |    26 |    52 |    67 |   105 |   203 ||   453
Block: Shield            |    42 |    86 |   138 |   202 |   675 ||  1143
       Reflection        |       |       |       |       |    30 ||    30
